Map: Blackpink LE

Players

Plasmid

  • Race: Zerg Zerg
  • League: Diamond
  • Spawn Location: 1:00

Yeung - Winner!

  • Race: Terran Terran
  • League: Diamond
  • Spawn Location: 7:00

VOD

Have the link to the VOD?

Description

Lost vs mech

Time

  • Played on: April 5, 2018, 9:07 p.m.
  • Length: 22:25
Show
View Real Time Build Order
Export as new Build Order

Plasmid Zerg 

Build Orders: Hatch First, Swarm Host 

Get SALT Encoding   

  12  0:02  Drone  
  13  0:16  Overlord  
  13  0:18  Drone  
  14  0:35  Drone x2  
  16  0:38  Drone  
  18  0:50  Drone  
  18  0:58  Hatchery  
  17  1:04  Drone  
  17  1:05  Extractor  
  17  1:10  Drone  
  18  1:19  Spawning Pool  
  18  1:22  Drone  
  18  1:34  Drone  
  19  1:43  Overlord  
  19  1:57  Drone  
  20  2:10  Zergling x4  
  20  2:11  Queen x2  
  20  2:12  Metabolic Boost  
  26  2:19  Drone  
  27  2:24  Drone  
  27  2:29  Drone  
  29  2:36  Drone x2  
  31  2:42  Overlord  
  31  2:47  Drone  
  31  2:50  Queen x2  
  36  2:56  Overlord  
  36  3:11  Hatchery  
  35  3:17  Drone x2  
  35  3:18  Drone x2  
  38  3:31  Queen  
  38  3:32  Queen  
  38  3:33  Overlord  
  42  3:35  Drone  
  43  3:42  Drone x4  
  43  3:43  Drone  
  43  3:47  Drone  
  49  4:08  Queen  
  50  4:13  Overlord x2, Queen  
  50  4:14  Overlord x3  
  52  4:17  Drone x2  
  54  4:27  Roach Warren  
  54  4:29  Drone  
  54  4:30  Drone x5  
  59  4:44  Spine Crawler  
  53  4:54  Queen  
  55  5:01  Overlord  
  55  5:02  Overlord  
  55  5:04  Drone  
  55  5:05  Drone x7  
  55  5:06  Extractor, Drone x3  
  65  5:29  Spine Crawler  
  65  5:30  Spine Crawler  
  65  5:34  Extractor  
  65  5:35  Extractor, Lair  
  62  5:36  Drone x4  
  62  5:37  Drone x8  
  73  5:55  Drone x5  
  78  6:04  Drone x3  
  78  6:05  Drone x3  
  78  6:09  Queen  
  86  6:42  Hydralisk Den  
  86  6:43  Hatchery  
  86  6:44  Extractor  
  86  6:46  Glial Reconstitution  
  83  6:48  Infestation Pit, Roach x5  
  83  6:49  Roach x9  
  110  6:59  Roach x2  
  110  7:01  Overlord x3  
  114  7:18  Muscular Augments  
  114  7:20  Overlord  
  114  7:21  Roach  
  114  7:22  Roach x6  
  128  7:44  Drone x6  
  130  7:45  Extractor, Drone x2  
  135  7:54  Hive  
  135  7:58  Hatchery  
  135  7:59  Evolution Chamber x2  
  132  8:31  Hydralisk x3  
  138  8:34  Overlord  
  138  8:35  Overlord x2  
  136  8:48  Zerg Missile Weapons Level 1  
  136  8:49  Zerg Ground Armor Level 1  
  136  8:51  Overseer x2  
  136  8:58  Hydralisk  
  136  8:59  Hydralisk x8  
  136  9:00  Hydralisk x4  
  160  9:19  Hydralisk  
  160  9:20  Hydralisk x3  
  168  9:25  Zergling x8  
  168  9:26  Zergling x4  
  96  10:01  Drone x7  
  96  10:02  Drone x9  
  112  10:12  Spire  
  111  10:18  Drone  
  91  10:45  Hydralisk x3  
  91  10:46  Hydralisk x12  
  91  10:47  Hydralisk  
  121  10:55  Zerg Ground Armor Level 2, Zerg Missile Weapons Level 2  
  121  10:58  Extractor  
  121  11:00  Extractor  
  119  11:07  Zergling x4  
  119  11:08  Zergling x14  
  128  11:22  Roach x4  
  128  11:23  Overlord  
  128  11:24  Overlord x3  
  136  11:26  Greater Spire  
  136  11:48  Roach  
  136  11:49  Roach x10  
  136  11:50  Roach x2  
  162  12:06  Spine Crawler  
  162  12:07  Spine Crawler  
  160  12:08  Spine Crawler  
  160  12:09  Spine Crawler  
  148  12:27  Overlord x3  
  148  12:28  Overlord  
  143  12:36  Corruptor  
  135  12:37  Corruptor x2  
  101  13:00  Swarm Host  
  101  13:01  Swarm Host x5  
  101  13:02  Swarm Host x6  
  137  13:13  Brood Lord  
  137  13:14  Brood Lord  
  141  13:20  Drone x2  
  141  13:21  Drone x2  
  145  13:49  Corruptor x2, Hatchery  
  145  13:50  Corruptor x3  
  154  14:14  Brood Lord  
  154  14:16  Corruptor  
  158  14:25  Brood Lord x2  
  162  14:32  Brood Lord  
  162  14:33  Hatchery  
  162  14:57  Brood Lord x2  
  162  14:58  Brood Lord  
  161  15:14  Drone x6  
  162  15:15  Drone x2  
  162  15:16  Overlord x4  
  162  15:17  Overlord x4  
  159  15:44  Swarm Host  
  159  15:45  Swarm Host x5  
  169  15:56  Corruptor  
  169  15:57  Corruptor x3  
  175  16:24  Extractor  
  168  16:45  Corruptor x2  
  168  16:46  Corruptor x7  
  147  17:04  Hydralisk  
  147  17:05  Hydralisk x4  
  147  17:06  Hydralisk  
  147  17:20  Drone x2  
  147  17:21  Drone x6  
  155  17:37  Hydralisk  
  155  17:38  Hydralisk x3  
  155  17:43  Zerg Flyer Armor Level 1  
  112  18:08  Swarm Host x3  
  112  18:09  Swarm Host x6  
  127  18:30  Swarm Host x4  
  127  18:31  Swarm Host  
  140  18:48  Overseer  
  129  19:10  Corruptor  
  129  19:11  Corruptor x6  
  139  19:44  Swarm Host  
  139  19:45  Swarm Host x4  
  151  20:15  Hatchery  
  146  21:00  Brood Lord  
  146  21:01  Brood Lord x2  
Show
View Real Time Build Order
Export as new Build Order

Yeung Terran - Winner!

Build Orders: Hellion Opening, Reaper Expand, Mech 

Get SALT Encoding   

  12  0:01  SCV  
  13  0:13  SCV  
  14  0:18  Supply Depot  
  14  0:25  SCV  
  15  0:35  Refinery  
  15  0:39  SCV  
  16  0:45  Barracks  
  16  0:51  SCV  
  17  1:03  SCV  
  18  1:16  SCV  
  19  1:32  Orbital Command  
  19  1:33  Reaper  
  20  1:43  Command Center  
  20  1:55  Refinery  
  20  2:02  Factory  
  20  2:03  SCV  
  21  2:13  Barracks Reactor  
  21  2:18  Supply Depot  
  21  2:20  SCV  
  22  2:32  SCV  
  23  2:44  SCV  
  24  2:57  Orbital Command  
  24  2:58  SCV  
  25  3:00  Hellion x2  
  29  3:16  SCV  
  30  3:21  Hellion  
  30  3:22  Hellion  
  34  3:28  Marine, SCV  
  34  3:33  Supply Depot  
  36  3:40  SCV x2  
  38  3:43  Hellion x2  
  42  3:52  SCV x2  
  44  4:04  SCV x2  
  44  4:06  Command Center, Hellion x2  
  44  4:07  Supply Depot  
  50  4:16  SCV  
  51  4:17  SCV  
  51  4:20  Starport  
  52  4:28  SCV  
  52  4:29  SCV, Hellion x2  
  58  4:31  Supply Depot  
  58  4:40  SCV  
  58  4:42  SCV  
  60  4:52  SCV  
  61  4:53  Hellion x2  
  61  4:54  SCV  
  61  4:57  Supply Depot  
  66  5:01  Refinery  
  66  5:02  Supply Depot  
  66  5:03  Refinery  
  66  5:04  SCV  
  66  5:06  SCV  
  68  5:08  Factory  
  66  5:16  SCV  
  66  5:18  SCV  
  68  5:24  Viking  
  70  5:28  SCV  
  70  5:29  Factory  
  70  5:30  SCV  
  70  5:31  Orbital Command  
  70  5:32  Factory  
  70  5:34  Factory, Supply Depot  
  72  5:47  SCV x2  
  74  5:53  Hellion  
  74  5:54  Hellion  
  78  5:57  Orbital Command  
  78  5:59  SCV x2  
  78  6:04  Factory Tech Lab  
  80  6:11  SCV x2  
  81  6:13  Factory Tech Lab  
  82  6:21  Armory  
  82  6:23  SCV x2, Armory  
  82  6:24  SCV  
  85  6:27  Supply Depot  
  85  6:30  Siege Tank  
  85  6:31  Siege Tank, Factory Tech Lab x2  
  91  6:35  SCV x2  
  91  6:36  SCV  
  94  6:46  Refinery  
  94  6:47  SCV x2  
  94  6:48  SCV  
  94  6:52  Refinery  
  97  6:58  Siege Tank x2  
  97  6:59  Hellion x2  
  107  7:02  Siege Tank  
  107  7:05  SCV x3  
  113  7:12  Engineering Bay, Siege Tank, Supply Depot  
  113  7:14  Supply Depot  
  116  7:17  SCV  
  116  7:22  Terran Vehicle And Ship Armor Level 1, Terran Vehicle Weapons Level 1  
  117  7:25  Hellion  
  117  7:26  SCV  
  116  7:33  Siege Tank  
  116  7:34  Hellion  
  116  7:35  Siege Tank  
  125  7:44  SCV x3  
  127  7:48  Supply Depot  
  128  7:53  Siege Tank  
  128  7:54  Command Center  
  128  7:55  Hellion x2  
  128  7:56  SCV  
  133  8:07  Missile Turret  
  133  8:08  Missile Turret  
  133  8:09  Thor  
  133  8:10  Missile Turret, Hellion  
  141  8:13  Missile Turret  
  141  8:19  Supply Depot x2  
  141  8:40  SCV x3, Thor  
  150  8:47  Siege Tank x2  
  156  8:53  SCV  
  157  9:06  SCV x2, Hellion x2, Thor  
  157  9:08  Refinery, Missile Turret  
  167  9:10  Refinery  
  167  9:13  Sensor Tower  
  154  9:18  Thor  
  154  9:19  Thor  
  162  9:28  Siege Tank  
  162  9:29  Hellion x2  
  162  9:30  SCV x3  
  162  9:41  Supply Depot  
  162  9:42  SCV  
  143  9:49  Siege Tank  
  143  9:51  Hellion x2  
  143  9:52  Viking  
  136  9:58  Orbital Command  
  136  10:00  Siege Tank  
  136  10:01  Thor  
  136  10:02  Siege Tank  
  136  10:04  SCV x3  
  151  10:12  Hellion  
  153  10:15  Hellion  
  153  10:21  Siege Tank  
  150  10:28  Factory  
  150  10:29  Factory  
  150  10:33  Siege Tank, Hellion  
  150  10:34  Siege Tank  
  155  10:37  Hellion  
  152  10:44  Siege Tank  
  155  10:53  SCV x4, Siege Tank  
  155  10:55  Hellion  
  164  11:01  Hellion  
  166  11:05  Siege Tank  
  166  11:06  Siege Tank  
  166  11:07  Sensor Tower  
  172  11:28  Command Center  
  172  11:31  Factory Tech Lab x2, Command Center  
  172  11:58  Supply Depot x2  
  172  11:59  Supply Depot  
  172  12:00  Supply Depot  
  172  12:01  Supply Depot  
  172  12:19  SCV x2, Siege Tank x2  
  172  12:20  SCV x2, Siege Tank x2  
  172  12:21  Siege Tank x2, Hellion x2  
  184  12:42  Hellion x2  
  188  12:44  Missile Turret  
  170  12:51  Siege Tank x2  
  170  12:52  Siege Tank, Hellion  
  170  12:53  Siege Tank, Hellion  
  170  12:54  Terran Vehicle Weapons Level 2  
  170  12:55  Terran Vehicle And Ship Armor Level 2  
  186  13:03  Starport  
  186  13:04  Hellion  
  186  13:05  Starport  
  188  13:07  Starport  
  188  13:14  Siege Tank  
  191  13:20  Refinery  
  191  13:22  Refinery  
  191  13:23  Planetary Fortress  
  191  13:39  Refinery  
  191  13:40  Refinery  
  191  13:41  Missile Turret  
  191  13:54  Missile Turret  
  183  14:14  Siege Tank x2, Hellion, Thor  
  183  14:15  Hellion  
  199  14:19  Starport Tech Lab  
  199  14:21  Starport Reactor x2  
  199  14:23  Starport Reactor  
  197  14:59  Siege Tank x3, Hellion x2  
  200  15:00  Hellion  
  198  15:11  Terran Vehicle And Ship Armor Level 3, Terran Vehicle Weapons Level 3  
  196  15:15  Planetary Fortress  
  180  15:47  Refinery  
  172  15:53  Viking x3  
  172  15:54  Viking x4  
  180  16:01  Thor x3  
  180  16:02  Hellion, Thor  
  200  16:36  Hellion  
  200  16:37  Hellion  
  174  17:01  Viking x2  
  174  17:02  Viking x4  
  174  17:03  Thor x2  
  174  17:04  Hellion  
  200  17:18  Infernal Pre-Igniter  
  200  17:45  Command Center  
  200  17:48  Terran Ship Weapons Level 1  
  160  18:07  Thor  
  160  18:08  Siege Tank x2, Hellion x3, Thor  
  160  18:09  Hellion  
  182  18:29  Hellion x2, Thor  
  182  18:30  Siege Tank  
  193  18:40  Thor  
  199  18:51  Siege Tank  
  190  18:59  Siege Tank, Thor  
  199  19:14  Siege Tank  
  200  19:18  Building Armor  
  200  19:59  Siege Tank  
  190  20:00  Siege Tank x3, Hellion x2  
  190  20:03  Terran Ship Weapons Level 2  
  200  20:08  Planetary Fortress  
  200  20:09  Refinery  
  200  20:25  Refinery  
  179  21:02  Orbital Command  
  179  21:03  Siege Tank, Thor  
  179  21:04  Siege Tank, Hellion, Thor  
  199  21:21  Siege Tank x2  
  199  21:22  Hellion  
  195  21:26  Hellion  
  197  21:36  Siege Tank, Viking x2, Hellion  
  197  21:38  Refinery  
  200  21:42  Refinery  
  200  21:43  Hellion  
  200  21:46  Siege Tank  
  178  21:47  Hellion x2  
Tags
 
Add a new tag
Caveats
  • Supply blocks, unpowered buildings, or Contaminate may cause inaccurate times.
  • Supply counts are checked every 10 seconds.